 Dungeon Crawl Stone Soup version 0.18-a0-1748-g7377c14 (webtiles) character file.

82844 nubinia the Eclecticist (level 15, -8/78 HPs)
             Began as a Deep Elf Conjurer on Apr 10, 2016.
             Was the Champion of Vehumet.
             Mangled by a very large slime creature (43 damage)
             ... on level 13 of the Dungeon on Apr 12, 2016.
             The game lasted 05:21:29 (27021 turns).

nubinia the Eclecticist (Deep Elf Conjurer)        Turns: 27021, Time: 05:21:30

Health: -8/78      AC: 17    Str: 11    XL:     15   Next: 30%
Magic:  23/40      EV: 17    Int: 25    God:    Vehumet [******]
Gold:   2009       SH:  4    Dex: 17    Spells: 13 memorised, 11 levels left

rFire  + + .     SeeInvis .     b - +8 dagger (protect)
rCold  + + .     Gourm    .     K - +2 robe {rC+}
rNeg   . . .     Faith    .     x - +0 buckler of Leaves {*Corrode rPois Str+6 Stlth+}
rPois  +         Spirit   .     G - +2 helmet
rElec  .         Dismiss  .     k - +0 cloak
rCorr  .         Reflect  .     X - +2 pair of gloves {archery}
SustAt .         Harm     .     U - +0 pair of boots "Zyaliuse" {rF++}
MR     +....                    V - amulet of regeneration
Stlth  ++++++....               s - ring of stealth
                                p - ring of protection from cold

@: deflect missiles, drained, somewhat resistant to hostile enchantments, very
stealthy
A: screaming 1
a: Renounce Religion


You were on level 13 of the Dungeon.
You worshipped Vehumet.
Vehumet was exalted by your worship.
You were not hungry.

You visited 3 branches of the dungeon, and saw 23 of its levels.
You also visited: Ice Cave and Volcano.

You collected 2901 gold pieces.
You spent 892 gold pieces at shops.

Inventory:

Hand Weapons
 a - the +9 rapier "Hiuck" {freeze, *Corrode Str+4 Int+6 Dex+2}
   (You found it on level 2 of the Lair of Beasts)

   It has been specially enchanted to freeze those struck by it, causing extra
   injury to most foes and up to half again as much damage against particularly
   susceptible opponents.
   It can also slow down cold-blooded creatures.
   It affects your strength (+4).
   It affects your intelligence (+6).
   It affects your dexterity (+2).
   It may corrode you when you take damage.
 b - a +8 dagger of protection (weapon)
 o - the +5 flail "Yqu Xudda" {drain, Int+3 Dex+3 Stlth+}
   (You found it in an ice cave)

   A truly terrible weapon, it drains the life of those it strikes.
   It affects your intelligence (+3).
   It affects your dexterity (+3).
   It makes you more stealthy.
 B - a +0 blowgun
Missiles
 z - 89 poisoned needles
 W - 15 curare-tipped needles
Armour
 k - a +0 cloak (worn)
 x - the +0 buckler of Leaves (worn) {*Corrode rPois Str+6 Stlth+}
   (You bought it in a shop on level 13 of the Dungeon)

   It affects your strength (+6).
   It protects you from poison.
   It may corrode you when you take damage.
   It makes you more stealthy.
 F - a +2 robe of fire resistance
 G - a +2 helmet (worn)
 K - a +2 robe of cold resistance (worn)
 T - a +2 robe of the Archmagi
 U - the +0 pair of boots "Zyaliuse" (worn) {rF++}
   (You bought it in a shop on level 2 of the Orcish Mines)

   It greatly protects you from fire.
 X - a +2 pair of gloves of archery (worn)
 Y - a +2 buckler of protection
Jewellery
 p - a ring of protection from cold (left hand)
 s - a ring of stealth (right hand)
 w - an uncursed ring of wizardry
 J - an uncursed ring of fire
 M - an uncursed ring of protection from cold
 V - an amulet of regeneration (around neck)
Wands
 t - a wand of iceblast (9/15)
 C - a wand of iceblast (0/15)
 P - a wand of acid (1/15)
 Q - a wand of lightning (11/15)
 S - a wand of teleportation (5/9)
Scrolls
 i - 2 scrolls of blinking
 j - 7 scrolls of fog
 m - 5 scrolls of remove curse
 r - 5 scrolls of fear
 E - 5 scrolls of recharging
 H - a scroll of summoning
 L - 3 scrolls of identify
 O - a scroll of teleportation
Potions
 e - 4 potions of cancellation
 f - 7 potions of might
 h - 8 potions of curing
 l - a potion of magic
 q - 2 potions of haste
 u - 2 potions of agility
 v - 3 potions of invisibility
 A - 6 potions of heal wounds
 D - a potion of ambrosia
 I - 8 potions of brilliance
 R - 3 potions of resistance
Books
 d - Loluox's Volume of Creative Aid
   (You found it in an ice cave)

   Spells                             Type                      Level
   a - Infusion                       Charms                       1
   b - Call Imp                       Summoning                    2
   c - Regeneration                   Charms/Necromancy            3
   d - Ring of Flames                 Charms/Fire                  7
   e - Spellforged Servitor           Conjuration/Summoning        7
 g - a book of Ice

   Spells                             Type                      Level
   a - Ice Form                       Ice/Transmutation            4
   b - Metabolic Englaciation         Hexes/Ice                    5
   c - Ozocubu's Refrigeration        Ice                          6
   d - Bolt of Cold                   Conjuration/Ice              6
   e - Freezing Cloud                 Conjuration/Ice/Air          6
   f - Simulacrum                     Ice/Necromancy               6
 n - a Grand Grimoire

   Spells                             Type                      Level
   a - Monstrous Menagerie            Summoning                    7
   b - Summon Greater Demon           Summoning                    7
   c - Malign Gateway                 Summoning/Translocation      7
   d - Summon Horrible Things         Summoning                    8
 y - a book of Alchemy

   Spells                             Type                      Level
   a - Sublimation of Blood           Necromancy                   2
   b - Ignite Poison                  Fire/Transmutation/Poison    3
   c - Petrify                        Transmutation/Earth          4
   d - Alistair's Intoxication        Transmutation/Poison         5
   e - Irradiate                      Conjuration/Transmutation    5
Comestibles
 c - 9 chunks of flesh
 N - 21 beef jerkies


   Skills:
 + Level 3.1 Fighting
 + Level 3.1 Short Blades
 + Level 0.5 Maces & Flails
 + Level 1.0(0.9) Armour
 + Level 8.1 Dodging
 + Level 9.2(9.1) Stealth
 + Level 1.4(1.3) Shields
 + Level 19.8 Spellcasting
 + Level 15.6 Conjurations
 + Level 6.3(6.2) Hexes
 + Level 12.2 Charms
 + Level 2.5(2.4) Summonings
 + Level 2.2(2.1) Necromancy
 + Level 0.2 Ice Magic
 + Level 7.3(7.2) Air Magic
 - Level 1.0 Poison Magic
 + Level 2.1(2.0) Evocations


You had 11 spell levels left.
You knew the following spells:

 Your Spells              Type           Power        Failure   Level  Hunger
a - Magic Dart            Conj           ####         0%          1    None
b - Dazzling Spray        Conj/Hex       ######..     1%          3    None
c - Mephitic Cloud        Conj/Pois/Air  ######..     1%          3    None
d - Iskenderun's Mystic   Conj           #######.     1%          4    None
e - Freeze                Ice            ####         1%          1    None
f - Airstrike             Air            ######....   1%          4    None
g - Deflect Missiles      Chrm/Air       ######....   10%         6    ##.....
h - Freezing Cloud        Conj/Ice/Air   ######....   4%          6    ##.....
i - Iskenderun's Battles  Conj/Chrm      #######.     1%          5    None
j - Summon Lightning Spi  Summ/Air       #####...     4%          4    None
k - Apportation           Tloc           ###.......   2%          1    None
R - Regeneration          Chrm/Necr      ######....   1%          3    None
S - Animate Skeleton      Necr           N/A          1%          1    None


Dungeon Overview and Level Annotations

Branches:
Dungeon (13/15)            Temple (0/1) D:5            Lair (8/8) D:10
 Shoals (0/4) Lair:3       Spider (0/4) Lair:6        Slime (0/6) Lair:6
    Orc (2/2) D:12            Elf (0/3) Orc:2
 Vaults: D:13-14

Altars:
Cheibriados
Dithmenos
Makhleb
Okawaru
Qazlal
Vehumet
Xom
Yredelemnul
Zin
Beogh

Shops:
D:8 (   D:13 [   Orc:2 [([}

Portals:
Trove: D:12 (give 6 potions of haste)

Annotations:
Orc:2 Saint Roka


Innate Abilities, Weirdness & Mutations

You occasionally shout uncontrollably at your foes.


Message History

Ouch! That really hurt!
Your lightning spire shoots out a bolt of lightning at the very large slime creature!
The bolt of electricity hits the very large slime creature.
Unknown command.
Unknown command.
Unknown command.
Casting: Dazzling Spray
Confirm with . or Enter, or press ? or * to list all spells.
Aiming: Dazzling Spray
Press: ? - help, Shift-Dir - straight line, f/p - very large slime creature
Aim: a very large slime creature (severely wounded)
The spray of energy hits the very large slime creature.
The very large slime creature is severely wounded.
The very large slime creature is dazzled.
Your battlesphere fires!
The barrage of energy hits the very large slime creature.
The very large slime creature is almost dead.
The very large slime creature hits you!!!
Ouch! That really hurt!
You die...

#..........# #.......
+.......>..###.......
#..........##........
#............%.......
#..........PPP.......
#..........P∩P.......
#..8*......P.P.......
#...............<....
#...@......#########.
###J######## #..#
..... #.......
+...J...# #...J...#
#.......# #.......+


You could see a very large slime creature (blind), a friendly lightning spire
and a friendly battlesphere.

Vanquished Creatures
  Rupert (Orc:2)
  Maud (Lair:8)
  2 orc warlords (Orc:1)
  Azrael (Orc:2)
  An ice dragon (Lair:4)
  Erolcha (Orc:1)
  2 hydras (Lair:8)
  A catoblepas (Lair:5)
  6 death yaks
  Urug (Lair:2)
  Sonja (Lair:4)
  3 skeletal warriors (D:12)
  An unseen horror (D:10)
  An orc knight (Orc:1)
  A hill giant (D:10)
  2 wolf spiders
  A griffon (Lair:6)
  3 orc sorcerers
  2 manticores (D:12)
  3 toenail golems (Volcano)
  6 elephants (Lair:7)
  9 black mambas
  A guardian serpent (Lair:8)
  19 spiny frogs
  3 torpor snails
  A rime drake (Lair:8)
  The ghost of Shenda the Twirler, a novice TeGl (D:5)
  9 komodo dragons
  3 spriggan druids (Lair:5)
  6 trolls
  13 polar bears
  2 jumping spiders (Lair:6)
  4 raiju (Lair:8)
  9 blink frogs
  2 slime creatures (Lair:6)
  2 redbacks
  12 spriggans (Lair:5)
  Sigmund (D:5)
  2 fire elementals (Orc:2)
  6 humans (Volcano)
  2 hungry ghosts
  6 wyverns (Lair:8)
  54 yaks
  8 hippogriffs
  5 basilisks
  A steam dragon (Lair:8)
  Menkaure (D:6)
  13 wargs
  Edmund (D:5)
  Duvessa (D:6)
  22 water moccasins
  4 hell hounds
  5 porcupines
  4 ice beasts
  3 sky beasts
  3 phantoms
  33 orc warriors
  6 wasps
  2 necrophages
  11 black bears (Lair:8)
  7 centaurs
  10 ogres
  28 wolves
  19 crocodiles
  A big kobold (D:9)
  10 giant frogs
  Dowan (D:6)
  A water moccasin zombie (D:8)
  3 scorpions
  3 killer bees (D:10)
  5 wights (D:7)
  5 howler monkeys
  3 electric eels
  5 crimson imps
  2 jellies (Lair:6)
  A quasit (D:12)
  A centaur skeleton (D:12)
  16 hounds
  26 orc wizards
  26 orc priests
  2 giant frog skeletons
  Jessica (D:3)
  Natasha (thrice) (D:4)
  7 iguanas
  6 hell rats (Lair:5)
  8 worker ants
  15 sheep
  A hound skeleton (D:9)
  A worker ant zombie (D:5)
  A gnoll (D:4)
  11 adders
  87 river rats
  4 shadow imps
  3 white imps (Lair:4)
  2 oozes
  An adder skeleton (D:3)
  A worm (D:4)
  A dart slug (D:3)
  3 giant geckos
  101 orcs
  2 ball pythons (D:4)
  2 giant cockroaches
  10 goblins
  3 hobgoblins
  15 jackals
  6 quokkas
  21 bats
  3 giant newts
  2 jackal skeletons
  15 kobolds
  A quokka skeleton (D:7)
  25 rats
  4 fungi (Lair:7)
  3 plants
875 creatures vanquished.

Vanquished Creatures (collateral kills)
  A frost giant (IceCv)
  An orc warlord (Orc:1)
  A death yak (Lair:8)
  A skeletal warrior (D:12)
  A black mamba (Lair:8)
  A spiny frog (Lair:8)
  5 polar bears
  A blink frog (Lair:8)
  13 yaks
  A hippogriff (D:12)
  4 hell hounds
  A water moccasin (Lair:7)
  8 orc warriors
  2 black bears (Lair:8)
  An ogre (Orc:2)
  5 ice beasts (D:11)
  2 wolves (Lair:8)
  A giant frog (D:12)
  A howler monkey (D:12)
  A hound (D:12)
  2 orc priests
  5 orc wizards
  A worker ant (D:11)
  15 orcs
  A fungus (Lair:7)
76 creatures vanquished.

Vanquished Creatures (others)
  2 worker ants (Lair:8)
  2 river rats (Lair:4)
  A bush (Lair:5)
  28 fungi
  40 plants
73 creatures vanquished.

Grand Total: 1024 creatures vanquished

Notes
Turn   | Place    | Note
--------------------------------------------------------------
     0 | D:1      | nubinia the Deep Elf Conjurer began the quest for the Orb.
     0 | D:1      | Reached XP level 1. HP: 10/10 MP: 6/6
   213 | D:1      | Reached XP level 2. HP: 15/15 MP: 8/8
   348 | D:1      | Reached skill level 5 in Conjurations
   697 | D:2      | Reached XP level 3. HP: 19/19 MP: 4/9
   745 | D:2      | Learned a level 3 spell: Dazzling Spray
  1174 | D:2      | Found a glowing silver altar of Zin.
  1325 | D:3      | Reached skill level 1 in Hexes
  1364 | D:3      | Reached XP level 4. HP: 24/24 MP: 0/11
  1878 | D:3      | Noticed Jessica
  1886 | D:3      | Killed Jessica
  1886 | D:3      | Reached skill level 4 in Spellcasting
  1944 | D:3      | Reached XP level 5. HP: 11/28 MP: 3/13
  2143 | D:3      | Learned a level 5 spell: Iskenderun's Battlesphere
  2213 | D:4      | Noticed Natasha
  2231 | D:4      | Killed Natasha
  2412 | D:4      | Found a stormy altar of Qazlal.
  2415 | D:4      | Found a basalt altar of Yredelemnul.
  2421 | D:4      | Found a burning altar of Makhleb.
  2421 | D:4      | Found a shimmering altar of Xom.
  2421 | D:4      | Found a radiant altar of Vehumet.
  2421 | D:4      | Found an iron altar of Okawaru.
  2423 | D:4      | Found a snail-covered altar of Cheibriados.
  2430 | D:4      | Became a worshipper of Vehumet
  2499 | D:4      | Noticed a phantom
  2502 | D:4      | Noticed an ogre
  2531 | D:4      | Killed a phantom
  2531 | D:4      | Reached skill level 5 in Spellcasting
  2531 | D:4      | Reached skill level 1 in Charms
  2531 | D:4      | Reached XP level 6. HP: 21/32 MP: 0/15
  2659 | D:4      | Noticed Natasha
  2666 | D:4      | Killed Natasha
  2749 | D:4      | Noticed Natasha
  2753 | D:4      | Killed Natasha
  3176 | D:5      | Entered Level 5 of the Dungeon
  3263 | D:5      | Got a polished leather armour
  3281 | D:4      | Identified the cursed +0 leather armour "Siovvun" {+Fly rC++} (You found it on level 5 of the Dungeon)
  3364 | D:5      | Reached skill level 6 in Spellcasting
  3364 | D:5      | Reached XP level 7. HP: 17/36 MP: 9/18
  3651 | D:5      | Noticed Edmund
  3784 | D:5      | Noticed Sigmund
  4110 | D:5      | Killed Edmund
  4110 | D:5      | Reached skill level 7 in Spellcasting
  4284 | D:5      | Killed Sigmund
  4284 | D:5      | Reached XP level 8. HP: 41/41 MP: 12/21
  4375 | D:5      | Noticed Shenda's ghost (novice TeGl)
  4421 | D:5      | Killed Shenda's ghost
  4421 | D:5      | Reached skill level 8 in Spellcasting
  4421 | D:5      | Reached skill level 5 in Charms
  4601 | D:5      | Found a shadowy altar of Dithmenos.
  4646 | D:5      | Found a staircase to the Ecumenical Temple.
  5314 | D:6      | Reached skill level 9 in Spellcasting
  5407 | D:6      | Noticed Duvessa
  5451 | D:6      | Noticed Dowan
  5454 | D:6      | Killed Duvessa
  5458 | D:6      | Killed Dowan
  5458 | D:6      | Reached * piety under Vehumet
  5458 | D:6      | Offered knowledge of Freeze by Vehumet.
  5691 | D:6      | Noticed Menkaure
  5695 | D:6      | Killed Menkaure
  5699 | D:6      | Reached XP level 9. HP: 45/45 MP: 9/24
  5730 | D:6      | Learned a level 1 spell: Freeze
  5735 | D:6      | Learned a level 4 spell: Iskenderun's Mystic Blast
  6055 | D:7      | Reached skill level 10 in Spellcasting
  7012 | D:8      | Found Diofyxuts's Weapon Shop.
  7182 | D:8      | Reached ** piety under Vehumet
  7182 | D:8      | Offered knowledge of Sting by Vehumet.
  7517 | D:8      | Gained mutation: You have sharp fingernails. [potion of mutation]
  7517 | D:8      | Gained mutation: Your body sometimes deteriorates upon taking damage. [potion of mutation]
  7518 | D:8      | Lost mutation: Your body sometimes deteriorates upon taking damage. [potion of cure mutation]
  7518 | D:8      | Lost mutation: You have sharp fingernails. [potion of cure mutation]
  7691 | D:9      | Reached skill level 11 in Spellcasting
  8310 | D:10     | Entered Level 10 of the Dungeon
  8358 | D:10     | Offered knowledge of Static Discharge by Vehumet.
  8414 | D:10     | Reached skill level 10 in Conjurations
  8415 | D:10     | Reached *** piety under Vehumet
  8443 | D:10     | Reached XP level 10. HP: 50/50 MP: 14/27
  8583 | D:10     | Noticed a hill giant
  8586 | D:10     | Killed a hill giant
  8757 | D:10     | Offered knowledge of Mephitic Cloud by Vehumet.
  8757 | D:10     | Reached skill level 12 in Spellcasting
  8762 | D:10     | Learned a level 3 spell: Mephitic Cloud
  9180 | D:10     | Found a staircase to the Lair.
  9231 | D:10     | Killed an unseen horror
  9422 | Lair:1   | Entered Level 1 of the Lair of Beasts
  9430 | Lair:1   | Noticed a torpor snail
  9444 | Lair:1   | Reached skill level 1 in Fighting
  9444 | Lair:1   | Reached skill level 5 in Dodging
  9457 | Lair:1   | Killed a torpor snail
  9457 | Lair:1   | Reached skill level 13 in Spellcasting
  9581 | Lair:1   | Noticed a spiny frog
  9584 | Lair:1   | Killed a spiny frog
  9584 | Lair:1   | Reached **** piety under Vehumet
  9635 | Lair:1   | Offered knowledge of Ignite Poison by Vehumet.
  9635 | Lair:1   | Reached XP level 11. HP: 56/56 MP: 14/30
  9642 | Lair:1   | Found a dark tunnel.
  9708 | Volcano  | Entered a volcano
  9828 | Volcano  | Reached skill level 1 in Evocations
 10981 | Lair:2   | Noticed Urug
 11015 | Lair:2   | Reached skill level 14 in Spellcasting
 11132 | Lair:2   | Got a transparent rapier
 11133 | Lair:2   | Identified the +9 rapier "Hiuck" {freeze, *Corrode Str+4 Int+6 Dex+2} (You found it on level 2 of the Lair of Beasts)
 11145 | Lair:2   | Reached skill level 1 in Armour
 11198 | Lair:2   | Reached skill level 5 in Stealth
 11470 | Lair:2   | Killed Urug
 11470 | Lair:2   | Reached skill level 10 in Charms
 11843 | Lair:3   | Reached ***** piety under Vehumet
 12018 | Lair:3   | Offered knowledge of Conjure Ball Lightning by Vehumet.
 12242 | Lair:3   | Found a staircase to the Shoals.
 12272 | Lair:3   | Upgraded the game from 0.18-a0-1730-g73f0523 to 0.18-a0-1745-gffa9a88
 12290 | Lair:3   | Noticed a death yak
 12302 | Lair:3   | Noticed a death yak
 12480 | Lair:3   | Got a scorched graven amulet
 12481 | Lair:3   | Identified the amulet "Cuafaq" {Harm *Drain *Corrode rF- rN+ Int+8} (You found it on level 3 of the Lair of Beasts)
 12904 | Lair:4   | Learned a level 4 spell: Airstrike
 12982 | Lair:4   | Learned a level 6 spell: Deflect Missiles
 13001 | Lair:4   | Reached skill level 1 in Air Magic
 13004 | Lair:4   | Reached XP level 12. HP: 61/61 MP: 19/32
 13008 | Lair:4   | Reached skill level 1 in Short Blades
 13035 | Lair:4   | Reached skill level 15 in Spellcasting
 13556 | Lair:4   | Identified a +4 rod of inaccuracy (10/10) (You found it on level 4 of the Lair of Beasts)
 13568 | Lair:4   | Noticed Sonja
 13571 | Lair:4   | Killed Sonja
 13749 | Lair:4   | Noticed an ice dragon
 13759 | Lair:4   | Killed an ice dragon
 14200 | D:9      | Gained mutation: You are clumsy. (Dex -2) [potion of mutation]
 14200 | D:9      | Gained mutation: You have a pair of small antennae on your head. [potion of mutation]
 14200 | D:9      | Gained mutation: Armour fits poorly on your strangely shaped body. [potion of mutation]
 14201 | D:9      | Lost mutation: You are clumsy. (Dex -2) [potion of cure mutation]
 14201 | D:9      | Lost mutation: Armour fits poorly on your strangely shaped body. [potion of cure mutation]
 14201 | D:9      | Lost mutation: You have a pair of small antennae on your head. [potion of cure mutation]
 14402 | Lair:5   | Offered knowledge of Freezing Cloud by Vehumet.
 14415 | Lair:5   | Learned a level 6 spell: Freezing Cloud
 14816 | Lair:5   | Reached skill level 5 in Hexes
 15122 | Lair:5   | Reached skill level 1 in Poison Magic
 15142 | Lair:5   | Noticed a catoblepas
 15149 | Lair:5   | Killed a catoblepas
 15284 | Lair:5   | Reached skill level 16 in Spellcasting
 15392 | Lair:5   | Gained mutation: You are clumsy. (Dex -2) [potion of mutation]
 15392 | Lair:5   | Gained mutation: You are partially covered in iridescent scales (AC +4). [potion of mutation]
 15392 | Lair:5   | Gained mutation: You occasionally shout uncontrollably at your foes. [potion of mutation]
 15601 | Lair:5   | Reached XP level 13. HP: 68/68 MP: 12/35
 16042 | Lair:6   | Found a hole to the Spider Nest.
 16260 | Lair:6   | Found a staircase to the Slime Pits.
 16965 | Lair:7   | Learned a level 4 spell: Summon Lightning Spire
 17675 | Lair:8   | Entered Level 8 of the Lair of Beasts
 17824 | Lair:8   | Reached skill level 5 in Air Magic
 18003 | Lair:8   | Offered knowledge of Delayed Fireball by Vehumet.
 18022 | Lair:8   | Reached skill level 17 in Spellcasting
 18162 | Lair:7   | Reached skill level 1 in Shields
 19160 | Lair:8   | Noticed Maud
 19166 | Lair:8   | Killed Maud
 19166 | Lair:8   | Reached XP level 14. HP: 72/72 MP: 15/37
 19182 | Lair:8   | Reached skill level 1 in Summonings
 19459 | Lair:8   | Reached skill level 18 in Spellcasting
 19722 | Lair:8   | Gained mutation: You are dopey. (Int -2) [potion of mutation]
 19723 | Lair:8   | Lost mutation: You are clumsy. (Dex -2) [potion of cure mutation]
 19723 | Lair:8   | Lost mutation: You are dopey. (Int -2) [potion of cure mutation]
 19723 | Lair:8   | Lost mutation: You are partially covered in iridescent scales (AC +4). [potion of cure mutation]
 20099 | Lair:8   | Reached ****** piety under Vehumet
 20129 | Lair:8   | Offered knowledge of Bolt of Cold by Vehumet.
 20398 | Lair:8   | Identified the Grimoire of Sinister Rituals (You found it on level 8 of the Lair of Beasts)
 20427 | Lair:8   | Reached skill level 15 in Conjurations
 20816 | D:11     | Found a frozen archway.
 20854 | D:11     | Learned a level 1 spell: Apportation
 20856 | D:11     | Learned a level 1 spell: Animate Skeleton
 20911 | IceCv    | Entered an ice cave
 21039 | IceCv    | Identified Loluox's Volume of Creative Aid
 21044 | IceCv    | Learned a level 3 spell: Regeneration
 21278 | IceCv    | Offered knowledge of Poison Arrow by Vehumet.
 21391 | IceCv    | Noticed a frost giant
 21403 | IceCv    | Killed a frost giant
 21582 | IceCv    | Got a warped flail
 21583 | IceCv    | Identified the +5 flail "Yqu Xudda" {drain, Int+3 Dex+3 Stlth+} (You found it in an ice cave)
 22654 | D:12     | Found a portal to a secret trove of treasure.
 22856 | D:12     | Reached skill level 19 in Spellcasting
 23071 | D:12     | Found a staircase to the Orcish Mines.
 23760 | Orc:1    | Entered Level 1 of the Orcish Mines
 23804 | Orc:1    | Offered knowledge of Poisonous Cloud by Vehumet.
 23830 | Orc:1    | Noticed Erolcha
 23840 | Orc:1    | Killed Erolcha
 23862 | Orc:1    | Noticed an orc warlord
 23872 | Orc:1    | Reached skill level 1 in Necromancy
 23880 | Orc:1    | Killed an orc warlord
 24008 | Orc:1    | Found a roughly hewn altar of Beogh.
 24303 | Orc:2    | Entered Level 2 of the Orcish Mines
 24303 | Orc:2    | Found a roughly hewn altar of Beogh.
 24331 | Orc:2    | Noticed Saint Roka
 24333 | Orc:2    | Reached XP level 15. HP: 78/78 MP: 8/40
 24454 | Orc:2    | Found a staircase to the Elven Halls.
 24459 | Orc:2    | Noticed Azrael
 24467 | Orc:2    | Killed Azrael
 24731 | Orc:1    | Offered knowledge of Iron Shot by Vehumet.
 25081 | Orc:2    | Noticed an orc warlord
 25137 | Orc:1    | Killed an orc warlord
 25257 | Orc:2    | Noticed an orc warlord
 25481 | Orc:1    | Killed an orc warlord
 25904 | Orc:1    | Upgraded the game from 0.18-a0-1745-gffa9a88 to 0.18-a0-1747-g18c4181
 25957 | Orc:1    | Found a roughly hewn altar of Beogh.
 26303 | Orc:2    | Found a roughly hewn altar of Beogh.
 26324 | Orc:2    | Found Ijeafuoh's Gadget Shoppe.
 26375 | Orc:2    | Found a roughly hewn altar of Beogh.
 26392 | Orc:2    | Noticed Rupert
 26409 | Orc:2    | Killed Rupert
 26446 | Orc:2    | Found a roughly hewn altar of Beogh.
 26519 | Orc:2    | Found a roughly hewn altar of Beogh.
 26526 | Orc:2    | Found Vuxeirgh's Armour Emporium.
 26699 | Orc:2    | Found a roughly hewn altar of Beogh.
 26824 | Orc:2    | Found Valafywn's Antique Weapon Emporium.
 26825 | Orc:2    | Found a roughly hewn altar of Beogh.
 26828 | Orc:2    | Found Girphoucw's Antique Armour Shoppe.
 26833 | Orc:2    | Bought an embroidered robe for 17 gold pieces
 26833 | Orc:2    | Bought a pair of runed gloves for 112 gold pieces
 26833 | Orc:2    | Bought a pair of polished boots for 237 gold pieces
 26862 | Orc:2    | Identified the +0 pair of boots "Zyaliuse" {rF++} (You bought it in a shop on level 2 of the Orcish Mines)
 26889 | Orc:2    | Bought a crystal scimitar for 279 gold pieces
 26889 | Orc:2    | Identified the +4 scimitar of Doubt {freeze, Stlth+} (You bought it in a shop on level 2 of the Orcish Mines)
 26916 | Orc:2    | Upgraded the game from 0.18-a0-1747-g18c4181 to 0.18-a0-1748-g7377c14
 26936 | Orc:1    | Offered knowledge of Fire Storm by Vehumet.
 26936 | Orc:1    | Offered knowledge of Glaciate by Vehumet.
 26936 | Orc:1    | Offered knowledge of Chain Lightning by Vehumet.
 26987 | D:13     | Found Xuin's Antique Armour Emporium.
 26993 | D:13     | Bought a smoking buckler for 247 gold pieces
 27003 | D:13     | Identified the cursed +0 buckler of Leaves {*Corrode rPois Str+6 Stlth+} (You bought it in a shop on level 13 of the Dungeon)
 27021 | D:13     | Mangled by a very large slime creature

Vault maps used:
D:1:      lightli_iron_boxes
D:2:      marbit_many_paths, serial_corexii_hall, corexii_hall_statues_deadend,
          corexii_hall_statues_i
D:3:      uniq_jessica
D:4:      minitemple, grunt_decor_one_mirror, uniq_natasha
D:5:      minmay_temple_entry_junction2, first_bread, grunt_dithmenos_smoke,
          uniq_edmund, uniq_sigmund
D:6:      patterned_corridor, uniq_menkaure, uniq_duvessa
D:8:      serial_shops, kennysheep_little_box
D:9:      serial_curves, eino_curves_04, eino_curves_04, eino_curves_04,
          eino_curves_01, minivault_11, st_stairs_1
D:10:     grunt_lair_entry_orc_guard_hut
D:11:     portal_ice_cave_entry_ice_beasts
D:12:     orc_0_dummy, enter_trove_0
D:13:     erik_vaults_2, lab_entry_generic, serial_shops, shop,
          nicolae_shop_overgrown_old_shop, hangedman_tree_tricks
Lair:1:   enter_volcano_1
Lair:2:   uniq_urug
Lair:3:   minmay_shoals_entry_centaurs
Lair:4:   bobbens_ice_dragon_lair, grunt_megastairs_3, serial_bayou_shore_a,
          uniq_sonja
Lair:5:   forest_paths, nicolae_quartered_pool_super
Lair:6:   spider_nest_entry_funnel_web, minmay_slime_entry_pillars
Lair:7:   grunt_megastairs_1
Lair:8:   hangedman_lair_tendril_chambers, hangedman_lair_caniforms_friends,
          uniq_maud
Orc:1:    nicolae_orc_accident_2, basic_altar, uniq_erolcha
Orc:2:    grunt_orc_community_town_hall, grunt_orc_community_big_house_2,
          grunt_orc_community_big_house_2, grunt_orc_community_house_1,
          grunt_orc_community_house_2, grunt_orc_community_house_1,
          grunt_orc_community_house_1, grunt_orc_community_house_1,
          grunt_orc_community_house_2, basic_altar, uniq_rupert,
          uniq_saint_roka, uniq_azrael
IceCv:    ice_cave_caverns_03
Volcano:  volcano_bunker

Skill      XL: |  1  2  3  4  5  6  7  8  9 10 11 12 13 14 15 |
---------------+----------------------------------------------+-----
Conjurations   | 5 6 7 8 10 11 12 13 14 15 | 15.6
Hexes          | 1 2 3 4 5 6 |  6.3
Stealth        | 3 4 6 7 8 9 |  9.2
Spellcasting   | 4 5 6 7 9 11 13 14 16 17 19 | 19.8
Charms         | 1 2 4 5 8 9 10 11 12 | 12.2
Dodging        | 3 4 5 6 7 8 |  8.1
Fighting       | 1 2 3 |  3.1
Evocations     | 1 2 |  2.1
Armour         | 1 |  1.0
Air Magic      | 1 4 5 7 |  7.3
Short Blades   | 2 3 |  3.1
Poison Magic   | 1 |  1.0
Shields        | 1 |  1.4
Summonings     | 2 |  2.5
Necromancy     | 1 2 |  2.2
Maces & Flails | |  0.5
Ice Magic      | |  0.2

Action                   |  1- 3 |  4- 6 |  7- 9 | 10-12 | 13-15 || total
-------------------------+-------+-------+-------+-------+-------++-------
Melee: Short sword       |     7 |     5 |     2 |       |       ||    14
       Flail             |       |       |    12 |     2 |       ||    14
       Rapier            |       |       |       |    97 |   161 ||   258
       Dagger            |       |       |       |       |   228 ||   228
 Cast: Magic Dart        |    63 |   114 |   222 |   242 |   393 ||  1034
       Dazzling Spray    |     1 |     5 |    15 |    66 |   130 ||   217
       Iskenderun's Batt |       |       |    53 |    93 |   147 ||   293
       Iskenderun's Myst |       |       |       |    40 |    61 ||   101
       Mephitic Cloud    |       |       |       |    19 |   121 ||   140
       Deflect Missiles  |       |       |       |     1 |     1 ||     2
       Freeze            |       |       |       |     1 |       ||     1
       Airstrike         |       |       |       |     8 |    48 ||    56
       Summon Lightning  |       |       |       |       |    33 ||    33
       Freezing Cloud    |       |       |       |       |     4 ||     4
       Animate Skeleton  |       |       |       |       |    82 ||    82
Evoke: Club              |       |       |       |     7 |    12 ||    19
  Use: Scroll            |     3 |     3 |    13 |    17 |    25 ||    61
       Potion            |     1 |       |     3 |     3 |     5 ||    12
 Stab: Sleeping          |     5 |       |     1 |     8 |     8 ||    22
       Confused          |       |       |       |     4 |    30 ||    34
       Invisible         |       |       |       |     3 |    17 ||    20
       Distracted        |       |       |       |     1 |     5 ||     6
       Paralysed         |       |       |       |     1 |       ||     1
  Eat: Chunk             |     1 |     6 |    15 |    24 |    37 ||    83
       Bread ration      |       |       |     1 |       |       ||     1
       Meat ration       |       |       |     1 |       |       ||     1
Armor: Robe              |       |       |       |       |     8 ||     8
Dodge: Dodged            |       |       |       |       |    23 ||    23
       Deflected         |       |       |       |       |     1 ||     1
Block: Buckler           |       |       |       |       |     9 ||     9
